 Dungeon Crawl Stone Soup version 0.29.0-4-gdea44cf6ec (webtiles) character file.

Game seed: 16243678409315113339

2139 qw the Grappler (level 9, -5/75 HPs)
             Began as a Ghoul Enchanter on Sept 5, 2022.
             Slain by a gnoll
             ... wielding a +0 halberd
             ... led by a gnoll sergeant
              (7 damage)
             ... on level 6 of the Dungeon.
             The game lasted 00:03:12 (7388 turns).

qw the Grappler (Ghoul Enchanter)                   Turns: 7388, Time: 00:03:12

Health: -5/75      AC: 19    Str: 16    XL:     9   Next: 30%
Magic:  10/10      EV:  9    Int: 10    God:
Gold:   391        SH:  0    Dex:  9    Spells: 11/11 levels left

rFire   . . .      SeeInvis .     - Unarmed
rCold   + + .      Faith    .   (no shield)
rNeg    + + +      Spirit   .   g - +1 plate armour {rC+}
rPois   inf        Reflect  .   m - +1 helmet
rElec   .          Harm     .   (no cloak)
rCorr   .          Rampage  .   i - +2 pair of gloves
Will    .....                   b - +0 pair of boots "Rienir" {Fly}
Stlth   ..........              (no amulet)
HPRegen 0.00/turn               j - +4 ring of evasion
MPRegen 0.12/turn               (no ring)

@: flying, inhibited regen
A: claws 1, cold resistance 1, negative energy resistance 3, inhibited
regeneration, torment resistance 2, devour on kill
a: no special abilities


You were on level 6 of the Dungeon.
You visited 1 branch of the dungeon, and saw 6 of its levels.

You collected 391 gold pieces.


Innate Abilities, Weirdness & Mutations

You are immune to poison.
You have sharp fingernails.
Your flesh is cold resistant. (rC+)
You are immune to negative energy. (rN+++)
You do not regenerate when monsters are visible.
You are immune to unholy pain and torment.
You thrive by killing the living.


   Skills:
 - Level 6.0 Fighting
 - Level 0.8 Short Blades
 - Level 1.8 Throwing
 - Level 4.0 Armour
 - Level 1.7 Dodging
 - Level 3.2 Stealth
 + Level 10.0 Unarmed Combat
 - Level 1.7 Spellcasting
 - Level 2.4 Hexes


You had 11 spell levels left.
You didn't know any spells.
Your spell library contained the following spells:

 Spells                   Type           Power      Damage    Failure   Level
 Ensorcelled Hibernation  Hex/Ice        6%         N/A       100%        2
 Confusing Touch          Hex            5%         N/A       100%        3
 Dazzling Flash           Conj/Hex       6%         N/A       100%        3
 Tukima's Dance           Hex            5%         N/A       100%        3

Inventory:

Missiles
 a - 3 boomerangs
 l - 2 silver boomerangs (quivered)
Armour
 b - the +0 pair of boots "Rienir" (worn) {Fly}
   (You found it on level 2 of the Dungeon)

   Fly:       It grants you flight.
 e - a +2 buckler
 g - a +1 plate armour of cold resistance (worn)
 i - a +2 pair of gloves (worn)
 m - a +1 helmet (worn)
Jewellery
 j - a +4 ring of evasion (left hand)
Scrolls
 c - a scroll of identify
 k - 5 scrolls of enchant weapon
Potions
 d - a potion of might
 f - a potion of mutation
 h - 2 potions of haste
 n - a potion of flight {unknown}
 o - a potion of lignification {unknown}
 q - a potion of cancellation {unknown}
 r - a potion of brilliance {unknown}
 s - a potion of curing {unknown}

Dungeon Overview and Level Annotations

Branches:
Dungeon (6/15)
 Temple: D:4-7

Altars:
Cheibriados
Fedhas
Hepliaklqana

Shops:
D:1 [

Annotations:
D:5 1 runed translucent door, Crazy Yiuf


Message History

The gnoll hits you with a +0 spear.
You punch the gnoll!
You kill the gnoll!
The gnoll hits you but does no damage. The gnoll barely misses you.
Things that are here:
a +0 spear; a +0 scale mail; a gnoll corpse You hit the gnoll but do no damage.
Your punch misses the gnoll.
The gnoll is moderately wounded.
The gnoll hits you from afar with a +0 spear.
The gnoll barely misses you.
The gnoll hits you from afar with a +0 halberd.
You barely miss the gnoll.
The gnoll is moderately wounded.
The gnoll closely misses you.
The gnoll hits you from afar with a +0 spear.
The gnoll misses you. The gnoll hits you but does no damage.
You closely miss the gnoll.
The gnoll is moderately wounded.
The gnoll barely misses you.
The gnoll hits you but does no damage. x3
You punch the gnoll!
The gnoll is severely wounded.
The gnoll hits you from afar with a +0 spear.
The gnoll hits you but does no damage. x2; The gnoll barely misses you.
You closely miss the gnoll.
The gnoll is severely wounded.
You hit the gnoll.
You kill the gnoll!
You feel better. The gnoll barely misses you.
The gnoll hits you with a +0 club.
The gnoll hits you from afar with a +0 halberd.
Your Fighting skill increases to level 6!
You punch the gnoll!
The gnoll is severely wounded.
The gnoll hits you but does no damage.
The gnoll hits you from afar with a +0 spear.
The gnoll hits you from afar with a +0 halberd.
You punch the gnoll!
You kill the gnoll!
The gnoll hits you from afar with a +0 halberd!
You die...

#.
###.##..####..........
#. #................
#. #..##...........#
#.#.##.....######...##
#......##### #......
###.###..######
#.##### .. #........
#.# #.###.###)######.
#.# .......g)@# #.#
.#....#g)## #.# #...
##..# #.# #... #|.#
#.# #.. ##.. #.#####
.. ..# #...... . ..#
##..... ..# #.#### #.#


You could see 2 gnolls.

Vanquished Creatures
  4 water moccasins (D:5)
  An orc warrior (D:6)
  An ice beast (D:5)
  3 ogres
  A centaur (D:5)
  A kobold brigand (D:5)
  A gnoll sergeant (D:6)
  6 scorpions
  A necrophage (D:6)
  4 wights (D:6)
  3 jellies
  A hound (D:6)
  An orc priest (D:6)
  2 iguanas (D:6)
  3 orc wizards (D:5)
  3 gnolls (D:6)
  3 adders
  2 white imps (D:6)
  An ufetubus (D:6)
  A worm (D:5)
  5 dart slugs
  15 orcs
  6 endoplasms
  6 giant cockroaches
  6 goblins
  4 hobgoblins
  3 jackals (D:4)
  8 kobolds
  2 quokkas (D:2)
  5 ball pythons
  6 bats
  6 frilled lizards
  24 rats
139 creatures vanquished.

Notes
Turn   | Place    | Note
-------+----------+-------------------------------------------
     0 | D:1      | qw the Ghoul Enchanter began the quest for the Orb.
     0 | D:1      | Reached XP level 1. HP: 14/14 MP: 2/2
     0 | D:1      | 0 ||| qw: Version: 0.1-a-104-g96f76f8
     0 | D:1      | 0 ||| qw: Game counter: 5979
     0 | D:1      | 0 ||| qw: Always use a shield: true
     0 | D:1      | 0 ||| qw: God list: Okawaru
     0 | D:1      | 0 ||| qw: Allow faded altars: false
     0 | D:1      | 0 ||| qw: Do Orc after D:15 true
     0 | D:1      | 0 ||| qw: Do second Lair branch before Depths: true
     0 | D:1      | 0 ||| qw: Lair rune preference: random
     0 | D:1      | 0 ||| qw: Plans: Normal
     0 | D:1      | 0 ||| PLANNING D:1-11
     1 | D:1      | 1 ||| DROPPING +1 dagger.
   198 | D:1      | Reached skill level 1 in Unarmed Combat
   231 | D:1      | 231 ||| Stepping ~*~*~tactically~*~*~ (outnumbered).
   239 | D:1      | Reached skill level 1 in Fighting
   239 | D:1      | Reached XP level 2. HP: 18/23 MP: 3/3
   682 | D:1      | Reached skill level 2 in Unarmed Combat
   717 | D:1      | 717 ||| Stepping ~*~*~tactically~*~*~ (outnumbered).
   730 | D:1      | Reached XP level 3. HP: 17/28 MP: 4/4
  1184 | D:1      | You fall into a shaft and drop 1 floor!
  1207 | D:2      | 1207 ||| UPGRADING to +0 leather armour.
  1217 | D:2      | 1217 ||| DROPPING +0 robe.
  1218 | D:2      | 1218 ||| UPGRADING to +0 pair of boots.
  1223 | D:2      | 1223 ||| UPGRADING to +1 plate armour of cold resistance.
  1233 | D:2      | 1233 ||| DROPPING +0 leather armour.
  1234 | D:2      | 1234 ||| READING scroll labelled ZITYOM NETOEN.
  1235 | D:2      | 1235 ||| DRINKING 2 glowing yellow potions.
  1236 | D:2      | 1236 ||| DRINKING 2 cyan potions.
  1237 | D:2      | 1237 ||| DROPPING 2 potions of invisibility.
  1501 | D:1      | Found Tegegaprou's Armour Boutique.
  1511 | D:1      | 1511 ||| Stepping randomly (stuck).
  1663 | D:2      | 1663 ||| Stepping ~*~*~tactically~*~*~ (outnumbered).
  1664 | D:2      | 1664 ||| Stepping ~*~*~tactically~*~*~ (outnumbered).
  1665 | D:2      | 1665 ||| Stepping ~*~*~tactically~*~*~ (outnumbered).
  1666 | D:2      | 1666 ||| Stepping ~*~*~tactically~*~*~ (outnumbered).
  1669 | D:2      | 1669 ||| Stepping ~*~*~tactically~*~*~ (outnumbered).
  1670 | D:2      | 1670 ||| Stepping ~*~*~tactically~*~*~ (outnumbered).
  1673 | D:2      | Reached skill level 3 in Unarmed Combat
  1696 | D:2      | 1696 ||| Stepping ~*~*~tactically~*~*~ (stealth).
  1699 | D:2      | 1699 ||| Stepping ~*~*~tactically~*~*~ (outnumbered).
  1700 | D:2      | 1700 ||| Stepping ~*~*~tactically~*~*~ (outnumbered).
  1701 | D:2      | 1701 ||| Stepping ~*~*~tactically~*~*~ (outnumbered).
  1702 | D:2      | 1702 ||| Stepping ~*~*~tactically~*~*~ (outnumbered).
  1703 | D:2      | 1703 ||| Stepping ~*~*~tactically~*~*~ (stealth).
  1705 | D:2      | 1705 ||| Stepping ~*~*~tactically~*~*~ (outnumbered).
  1825 | D:2      | Reached skill level 1 in Armour
  1831 | D:2      | 1831 ||| Stepping ~*~*~tactically~*~*~ (hiding).
  1839 | D:2      | Reached XP level 4. HP: 35/35 MP: 5/5
  1907 | D:2      | 1907 ||| Stepping ~*~*~tactically~*~*~ (stealth).
  1912 | D:2      | Identified the +0 pair of boots "Rienir" {Fly}
  1916 | D:2      | Found a faded altar of an unknown god.
  1991 | D:2      | 1991 ||| FLEEEEING.
  1994 | D:2      | 1994 ||| Stepping ~*~*~tactically~*~*~ (stealth).
  2366 | D:2      | 2366 ||| UPGRADING to +0 pair of boots "Rienir" {Fly}.
  2376 | D:2      | 2376 ||| DROPPING +0 pair of boots.
  2377 | D:2      | 2377 ||| UPGRADING to +0 helmet.
  2382 | D:2      | 2382 ||| DROPPING +6 ring of intelligence.
  2383 | D:2      | 2383 ||| READING 2 scrolls labelled JOMARONISS.
  2384 | D:2      | 2384 ||| READING scroll labelled UGENLO SOPNU.
  2485 | D:2      | 2485 ||| READING scroll labelled HIYVVO XEDUR.
  2486 | D:2      | 2486 ||| READING scroll labelled VIFFUO ARUAQA.
  2576 | D:3      | 2576 ||| Stepping ~*~*~tactically~*~*~ (hiding).
  2785 | D:3      | 2785 ||| Stepping ~*~*~tactically~*~*~ (stealth).
  2812 | D:3      | 2812 ||| Stepping ~*~*~tactically~*~*~ (stealth).
  3325 | D:3      | 3325 ||| UPGRADING to +2 pair of gloves.
  3330 | D:3      | 3330 ||| READING scroll labelled VAXULOEKIK.
  3331 | D:3      | 3331 ||| READING scroll labelled BUSSUG EWKI BOOT.
  3332 | D:3      | 3332 ||| READING scroll labelled VYN ZUUNGAHED.
  3333 | D:3      | 3333 ||| READING 2 scrolls of identify.
  3333 | D:3      | 3333 ||| IDENTIFYING inky potion
  3404 | D:4      | Found a hazy altar of Hepliaklqana.
  3491 | D:4      | 3491 ||| Stepping ~*~*~tactically~*~*~ (hiding).
  3635 | D:4      | Found a snail-covered altar of Cheibriados.
  3698 | D:4      | 3698 ||| Stepping ~*~*~tactically~*~*~ (stealth).
  3702 | D:4      | Reached skill level 4 in Unarmed Combat
  3776 | D:4      | Noticed an ogre
  3784 | D:4      | HP: 4/36 [ogre/+0 giant club (13)]
  3788 | D:4      | Killed an ogre
  3789 | D:4      | Reached skill level 3 in Fighting
  3789 | D:4      | Reached XP level 5. HP: 11/45 MP: 6/6
  4045 | D:4      | Reached XP level 6. HP: 41/51 MP: 7/7
  4164 | D:4      | 4164 ||| READING scroll of enchant armour.
  4164 | D:4      | 4164 ||| ENCHANTING +0 helmet.
  4205 | D:4      | Reached skill level 5 in Unarmed Combat
  4412 | D:4      | 4412 ||| Stepping ~*~*~tactically~*~*~ (stealth).
  4612 | D:4      | 4612 ||| UPGRADING to +4 ring of evasion.
  4613 | D:4      | 4613 ||| READING scroll labelled TEEFYE ZAQOSI.
  4614 | D:4      | 4614 ||| READING 2 scrolls labelled SACUIN BURIRCHA.
  4615 | D:4      | 4615 ||| DROPPING scroll of magic mapping.
  4634 | D:5      | Entered Level 5 of the Dungeon
  4634 | D:5      | Noticed a water moccasin
  4655 | D:5      | Killed a water moccasin
  4656 | D:5      | Reached skill level 3 in Armour
  4656 | D:5      | Reached XP level 7. HP: 37/57 MP: 8/8
  4656 | D:5      | 4656 ||| STAIRDANCE
  4766 | D:5      | Found a runed translucent door.
  4767 | D:5      | Noticed Crazy Yiuf
  4953 | D:5      | 4953 ||| Stepping ~*~*~tactically~*~*~ (stealth).
  4956 | D:5      | 4956 ||| Stepping ~*~*~tactically~*~*~ (stealth).
  4958 | D:5      | 4958 ||| Stepping ~*~*~tactically~*~*~ (hiding).
  4986 | D:5      | Reached skill level 6 in Unarmed Combat
  5142 | D:5      | 5142 ||| FLEEEEING.
  5319 | D:5      | 5319 ||| Stepping ~*~*~tactically~*~*~ (hiding).
  5492 | D:5      | Reached skill level 7 in Unarmed Combat
  5533 | D:5      | Reached skill level 1 in Throwing
  5533 | D:5      | Reached XP level 8. HP: 53/64 MP: 9/9
  5637 | D:5      | Reached skill level 8 in Unarmed Combat
  5752 | D:5      | Found a blossoming altar of Fedhas.
  6263 | D:5      | Reached skill level 9 in Unarmed Combat
  6403 | D:5      | 6403 ||| READING scroll labelled WEOH PUEDUSHIK.
  6404 | D:5      | 6404 ||| READING 2 scrolls of identify.
  6404 | D:5      | 6404 ||| IDENTIFYING murky pink potion
  6405 | D:5      | 6405 ||| DROPPING potion of degeneration.
  6448 | D:6      | 6448 ||| Stepping ~*~*~tactically~*~*~ (hiding).
  6476 | D:6      | 6476 ||| FLEEEEING.
  6477 | D:6      | 6477 ||| FLEEEEING.
  6478 | D:6      | 6478 ||| FLEEEEING.
  6480 | D:6      | 6480 ||| STAIRDANCE
  6732 | D:6      | Reached XP level 9. HP: 58/74 MP: 10/10
  6732 | D:6      | 6732 ||| STAIRDANCE
  6940 | D:6      | 6940 ||| Stepping ~*~*~tactically~*~*~ (outnumbered).
  6941 | D:6      | 6941 ||| Stepping ~*~*~tactically~*~*~ (outnumbered).
  6942 | D:6      | 6942 ||| Stepping ~*~*~tactically~*~*~ (hiding).
  6945 | D:6      | 6945 ||| Stepping ~*~*~tactically~*~*~ (hiding).
  7039 | D:6      | Reached skill level 10 in Unarmed Combat
  7122 | D:6      | 7122 ||| Stepping ~*~*~tactically~*~*~ (stealth).
  7339 | D:6      | 7339 ||| Stepping ~*~*~tactically~*~*~ (hiding).
  7355 | D:6      | 7355 ||| Stepping ~*~*~tactically~*~*~ (outnumbered).
  7356 | D:6      | 7356 ||| Stepping ~*~*~tactically~*~*~ (outnumbered).
  7357 | D:6      | 7357 ||| Stepping ~*~*~tactically~*~*~ (outnumbered).
  7375 | D:6      | HP: 18/74 [gnoll sergeant/+0 spear (4)]
  7381 | D:6      | HP: 14/75 [gnoll/+0 halberd[a gnoll sergeant] (5)]
  7386 | D:6      | HP: 11/75 [gnoll/+0 club[a gnoll sergeant] (2)]
  7387 | D:6      | Reached skill level 6 in Fighting
  7387 | D:6      | HP: 4/75 [gnoll/+0 spear[a gnoll sergeant] (3)]
  7388 | D:6      | Slain by a gnoll

Levels and vault maps discovered:
D:1:      moated_graveyard_arrival, layout_loops_ring, serial_shops,
          nicolae_lakefront_shop
D:2:      layout_basic, ebering_ecumenical_altar_rust,
          dreamdust_princess_bridge, minmay_rat_hole
D:3:      layout_basic, minmay_stone_trees_small
D:4:      layout_loops_corners, mainiacjoe_overflow_six_doors_small,
          gammafunk_temple_overflow_elements
D:5:      kennysheep_spiral_hall, layout_loops_ring, lemuel_doored_altar,
          chequers_serial_rivers_large_b, uniq_crazy_yiuf_cottage
D:6:      layout_loops_ring, minmay_misc_feat_iff, hex_medium

Skill      XL: |  1  2  3  4  5  6  7  8  9 |
---------------+----------------------------+-----
Unarmed Combat | 1 2 3 4 5 7 9 10 | 10.0
Fighting       | 1 3 5 6 |  6.0
Armour         | 1 3 4 |  4.0
Throwing       | 1 |  1.8
Short Blades   | |  0.8
Dodging        | |  1.7
Stealth        | |  3.2
Spellcasting   | |  1.7
Hexes          | |  2.4

Action                   |  1- 3 |  4- 6 |  7- 9 || total
-------------------------+-------+-------+-------++-------
Melee: Unarmed           |   178 |   172 |   305 ||   655
       Punch             |     2 |     3 |    13 ||    18
Throw: Boomerang         |       |    20 |    42 ||    62
  Use: Potion            |     2 |       |       ||     2
       Scroll            |     1 |    11 |     2 ||    14
Armor: Robe              |    22 |       |       ||    22
       Plate armour      |    39 |   118 |   201 ||   358
Dodge: Dodged            |    60 |    25 |   117 ||   202

Table legend:
 A = Non-vault XP
 B = Vault XP
 C = Vault XP percentage of total XP
 D = Non-vault monster count
 E = Vault monster count
 F = Vault count percentage of total count
                 A         B        C        D         E       F
            +---------+---------+-------+---------+---------+-------
      Total |    2740 |     332 |  10.8 |     116 |      23 |  16.5
            +---------+---------+-------+---------+---------+-------
        D:1 |      43 |       0 |   0.0 |      28 |       0 |   0.0
        D:2 |      39 |      20 |  33.9 |      14 |      19 |  57.6
        D:3 |      29 |       0 |   0.0 |      15 |       0 |   0.0
        D:4 |     355 |       0 |   0.0 |      11 |       0 |   0.0
        D:5 |    1260 |     312 |  19.8 |      24 |       4 |  14.3
        D:6 |    1014 |       0 |   0.0 |      24 |       0 |   0.0
            +---------+---------+-------+---------+---------+-------
